 Dungeon Crawl Stone Soup version 0.29-a0-872-g797fff5ad1 (webtiles) character file.

Game seed: 9365592755428982703

1 LynnLen the Vexing (level 1, -2/10 HPs)
             Began as a Vampire Enchanter on July 19, 2022.
             Slain by a goblin
             ... wielding a +0 dagger
              (3 damage)
             ... on level 1 of the Dungeon.
             The game lasted 00:00:58 (104 turns).

LynnLen the Vexing (Vampire Enchanter)               Turns: 104, Time: 00:00:58

Health: -2/10      AC:  2    Str:  7    XL:     1   Next: 16%
Magic:  3/3        EV: 12    Int: 17    God:
Gold:   0          SH:  0    Dex: 14    Spells: 4/4 levels left

rFire   . . .      SeeInvis +   a - +1 dagger
rCold   + + .      Faith    .   (no shield)
rNeg    + + +      Spirit   .   b - +0 robe
rPois   ∞          Reflect  .   (no helmet)
rElec   .          Harm     .   (no cloak)
rCorr   .          Rampage  .   (no gloves)
Will    .....                   (no boots)
Stlth   +++++.....              (no amulet)
HPRegen 0.00/turn               (no ring)
MPRegen 0.08/turn               (no ring)

@: bloodless, inhibited regen
A: bloodless, fangs 3, see invisible, vampiric 1
a: Revivify


You were on level 1 of the Dungeon.
You visited 1 branch of the dungeon, and saw 1 of its levels.

Inventory:

Hand Weapons
 a - a +1 dagger (weapon)
Armour
 b - a +0 robe (worn)
Potions
 c - a potion of invisibility


   Skills:
 * Level 1.1 Short Blades
 + Level 2.2 Dodging
 + Level 4.4 Stealth
 - Level 2.0 Spellcasting
 - Level 4.4 Hexes


You had 4 spell levels left.
You didn't know any spells.
Your spell library contained the following spells:

 Spells                   Type           Power      Damage    Failure   Level
 Confusing Touch          Hex            16%        N/A       10%         3
 Tukima's Dance           Hex            16%        N/A       10%         3
 Ensorcelled Hibernation  Hex/Ice        18%        N/A       12%         2
 Dazzling Flash           Conj/Hex       18%        N/A       24%         3


Dungeon Overview and Level Annotations

Branches:
Dungeon (1/15)

Altars:


Innate Abilities, Weirdness & Mutations

You do not regenerate when monsters are visible.
You are frail without blood (-20% HP).
You can heal yourself when you bite living creatures.
You are immune to poison.
You have razor-sharp teeth.
You have supernaturally acute eyesight. (SInv)
You are afflicted with vampirism.


Message History

The jackal closely misses you.
A goblin comes into view. It is wielding a +0 club.
Found 17 gold pieces and a twisted cameo amulet.
The jackal closely misses you.
The jackal bites you but does no damage.
Found a fuming puce potion.
The rat bites you but does no damage.
A frilled lizard comes into view.
A ball python comes into view.
The jackal closely misses you.
Found a mace.
You see here 17 gold pieces.
The helpless ball python fails to defend itself.
You bite the ball python, and draw its blood!
You feel better.
You impale the ball python!!
You kill the ball python!
You see here a ball python corpse.
You flicker for a moment.
A hobgoblin comes into view.
You flicker back into view.
Found 6 stones.
You see here 6 stones.
Found a book of Flames and a runed diamond ring.
A hobgoblin comes into view.
A ball python and a dart slug come into view.
A rat comes into view.
Found a scroll labelled UTYUPEO KYURE.
A kobold, a quokka, a rat, a giant cockroach and a goblin come into view.
The kobold shouts!
The goblin shouts!
A kobold comes into view. It is wielding a +0 whip.
Found 6 gold pieces.
The rat attacks as you move away! The rat closely misses you.
Found a stone staircase leading down.
A goblin comes into view. It is wielding a +0 dagger.
The giant cockroach barely misses you.
Found a stone staircase leading down.
The giant cockroach bites you.
* * * LOW HITPOINT WARNING * * *
A kobold comes into view. It is wielding a +0 dagger.
The rat twitches its whiskers.
The goblin hits you with a +0 dagger.
You die...

........#####.####.####...
.S...g...#########.### ...
...............##.....# ..
.......##g..#..####.....
....... ##...#... .#.#.
......# ##..#.## .....####
#.....###.
###......###........
#......@r...#..?..
#.......gB........
#............K....
.>.......r........
..................
..........rK......
.....$.....g......
.............K...


You could see a quokka (wandering), a giant cockroach, 2 goblins, 3 kobolds and
2 rats.

Vanquished Creatures
  A ball python (D:1)
1 creature vanquished.

Notes
Turn   | Place    | Note
-------+----------+-------------------------------------------
     0 | D:1      | LynnLen the Vampire Enchanter began the quest for the Orb.
     0 | D:1      | Reached XP level 1. HP: 13/13 MP: 3/3
   104 | D:1      | Slain by a goblin

Illustrated notes

Levels and vault maps discovered:
D:1:      lordsloth_arrival_two_stooges, layout_rooms,
          dreamdust_ecumenical_altar_drowned_temple, reono_crystal_passage,
          minmay_tromino_mix6

Action                   || total
-------------------------++-------
Melee: Dagger            ||     4
 Abil: Exsanguinate      ||     1
  Use: Potion            ||     1
 Stab: Sleeping          ||     1
Armor: Robe              ||     2
Dodge: Dodged            ||    10

Table legend: (Time is in decaauts)
 A = Elapsed time spent in this place.
 B = Non-inter-level travel time spent in this place.
 C = Inter-level travel time spent in this place.
 D = Time resting spent in this place.
 E = Time spent auto-exploring this place.
 F = Levels seen in this place.
 G = Mean time per level.
                   A        B        C        D        E       F      G
               +--------+--------+--------+--------+--------+-----+--------+
         Total |    103 |    103 |      0 |      0 |      0 |   1 |  103.0 |
       Dungeon |    103 |    103 |      0 |      0 |      0 |   1 |  103.0 |
               +--------+--------+--------+--------+--------+-----+--------+

Top non-repeatable levels by time:
     D:1: 103 daAuts
